 Dungeon Crawl Stone Soup version 0.20.0-10-g0535bb4 (webtiles) character file.

112 MTVSty1e the Slasher (level 4, -8/38 HPs)
             Began as a Draconian Gladiator on June 5, 2017.
             Mangled by MTVSty1e's ghost (14 damage)
             ... on level 3 of the Dungeon.
             The game lasted 00:03:11 (1521 turns).

MTVSty1e the Slasher (Draconian Gladiator)          Turns: 1521, Time: 00:03:12

Health: -8/38      AC:  6    Str: 23    XL:     4   Next: 64%
Magic:  4/4        EV: 13    Int:  9    God:
Gold:   173        SH:  0    Dex: 12    Spells: 3/3 levels left

rFire    . . .     SeeInvis .   a - +0 long sword
rCold    . . .     Gourm    .   (no shield)
rNeg     . . .     Faith    .   (armour unavailable)
rPois    +         Spirit   .   b - +1 hat
rElec    .         Reflect  .   (no cloak)
rCorr    .         Harm     .   (no gloves)
MR       .....                  (no boots)
Stlth    +.........             (no amulet)
Regen    0.2/turn               j - +6 ring of strength
MPRegen  0.1/turn               r - ring of poison resistance

@: no status effects
A: unfitting armour, cold-blooded, AC +5
a: no special abilities


You were on level 3 of the Dungeon.
You were not hungry.

You visited 1 branch of the dungeon, and saw 3 of its levels.

You collected 173 gold pieces.

Inventory:

Hand Weapons
 a - a +0 long sword (weapon)
Missiles
 c - 3 throwing nets (quivered)
Armour
 b - a +1 hat (worn)
Jewellery
 j - a +6 ring of strength (left hand)
 o - an uncursed ring of protection from fire
 r - a ring of poison resistance (right hand)
Wands
 p - a wand of digging (19/24)
Scrolls
 i - 4 scrolls of identify
 l - a scroll of enchant armour
Potions
 n - a potion of magic
Comestibles
 d - 4 bread rations
 f - 3 fruits
 h - 2 meat rations
 k - a royal jelly


   Skills:
 + Level 3.4 Fighting
 * Level 4.8 Long Blades
 - Level 1.7 Throwing
 - Level 2.6 Dodging


You had 3 spell levels left.
You didn't know any spells.

Dungeon Overview and Level Annotations

Branches:
Dungeon (3/15)

Altars:
Okawaru
Yredelemnul

Annotations:
D:3 MTVSty1e's ghost, amateur DrGl


Innate Abilities, Weirdness & Mutations

Your plain brown scales are hard. (AC +5)
You cannot fit into any form of body armour.
You are cold-blooded and may be slowed by cold attacks.


Message History

You barely miss MTVSty1e's ghost.
MTVSty1e's ghost is heavily damaged.
MTVSty1e's ghost hits you but does no damage.
MTVSty1e's ghost hits you.
You slash MTVSty1e's ghost!
MTVSty1e's ghost is severely damaged.
MTVSty1e's ghost completely misses you.
You riposte.
You miss MTVSty1e's ghost.
MTVSty1e's ghost is severely damaged.
You hit MTVSty1e's ghost but do no damage.
MTVSty1e's ghost is severely damaged.
MTVSty1e's ghost hits you!
* * * LOW HITPOINT WARNING * * *
You closely miss MTVSty1e's ghost.
MTVSty1e's ghost is severely damaged.
MTVSty1e's ghost hits you.
* * * LOW HITPOINT WARNING * * *
You slash MTVSty1e's ghost!
MTVSty1e's ghost is almost destroyed.
MTVSty1e's ghost hits you!
You die...

###.## #.# #.# #.# #.# #
#.##### ... #.##...
##...#############.##.##
..?...W@...).(.(.(.##...
.#...###......##########
## #......# #......#
########


You could see MTVSty1e's ghost.

Vanquished Creatures
  Natasha (thrice) (D:2)
  2 worms (D:2)
  2 leopard geckos
  4 bats
  A giant cockroach (D:1)
  2 gnoll zombies (D:2)
  7 goblins
  4 hobgoblins (D:1)
  A quokka (D:2)
  A ball python (D:2)
  A frilled lizard (D:2)
  4 kobolds
  2 rats (D:2)
34 creatures vanquished.

Notes
Turn   | Place    | Note
-------+----------+-------------------------------------------
     0 | D:1      | MTVSty1e the Draconian Gladiator began the quest for the Orb.
     0 | D:1      | Reached XP level 1. HP: 17/17 MP: 1/1
   129 | D:1      | Reached XP level 2. HP: 24/25 MP: 2/2
   291 | D:1      | Found an iron altar of Okawaru.
   669 | D:2      | Reached XP level 3. HP: 17/30 MP: 3/3
   881 | D:2      | Reached skill level 4 in Long Blades
   991 | D:2      | Noticed Natasha
  1002 | D:2      | Killed Natasha
  1134 | D:2      | Noticed Natasha
  1141 | D:2      | Killed Natasha
  1141 | D:2      | Reached XP level 4. HP: 20/38 MP: 4/4
  1275 | D:2      | Found a basalt altar of Yredelemnul.
  1289 | D:2      | Noticed Natasha
  1293 | D:2      | Killed Natasha
  1505 | D:3      | Noticed MTVSty1e's ghost (amateur DrGl)
  1521 | D:3      | Mangled by MTVSty1e's ghost

Skill      XL: |  1  2  3 |
---------------+----------+-----
Long Blades    | 4 |  4.8
Fighting       | 3 |  3.4
Throwing       | |  1.7
Dodging        | |  2.6

Action                   |  1- 3 |  4- 6 || total
-------------------------+-------+-------++-------
Melee: Long sword        |    62 |    19 ||    81
       Tailslap          |    11 |     3 ||    14
Evoke: Wand              |       |     1 ||     1
  Use: Scroll            |       |     8 ||     8
       Potion            |       |     1 ||     1
  Eat: Fruit             |       |     1 ||     1
       Chunk             |       |     1 ||     1
Armor: Skin              |    18 |     3 ||    21
Dodge: Dodged            |    48 |    13 ||    61
       Rpst.: Long sword |    17 |     5 ||    22
